 Dungeon Crawl Stone Soup version 0.29.1-1-gd02db6906a (webtiles) character file.

Game seed: 11584478888053227091

3989 Kaiern the Shooter (level 10, -5/57 HPs)
             Began as a Gargoyle Hunter on Oct 7, 2022.
             Was a Priest of Hepliaklqana.
             Slain by a wyvern (13 damage)
             ... on level 8 of the Dungeon.
             The game lasted 00:38:25 (10963 turns).

Kaiern the Shooter (Gargoyle Hunter)               Turns: 10963, Time: 00:38:26

Health: -5/57      AC: 13    Str: 18 (20) XL:     10   Next: 22%
Magic:  23/25      EV: 15    Int:  9 (11) God:    Hepliaklqana [***...]
Gold:   523        SH:  0    Dex: 18 (20) Spells: 14/17 levels left

rFire   + . .      SeeInvis .   a - +2 shortbow
rCold   + + .      Faith    .   (shield currently unavailable)
rNeg    + . .      Spirit   .   c - +0 leather armour
rPois   ∞          Reflect  .   o - +1 helmet
rElec   +          Harm     .   k - scarf {rC+ rF+}
rCorr   .          Rampage  .   r - +0 pair of gloves
Will    .....                   (no boots)
Stlth   +++.......              (no amulet)
HPRegen 0.19/turn               p - ring of magical power
MPRegen 0.19/turn               x - ring "Leorufot" {rC+ Str+6 Dex+3}

@: no status effects
A: reduced essence, sickness immunity, AC +7, negative energy resistance 1,
electricity resistance, torment resistance 1, petrification resistance
a: Renounce Religion, Recall Ancestor, Ancestor Identity, Transference


You were on level 8 of the Dungeon.
You worshipped Hepliaklqana.
Hepliaklqana was most pleased with you.
You visited 2 branches of the dungeon, and saw 10 of its levels.
You also visited: Sewer.

You collected 523 gold pieces.

Inventory:

Hand Weapons
 a - a +2 shortbow (weapon)
Missiles
 u - 5 throwing nets
Armour
 c - a +0 leather armour (worn)
 k - a scarf of resistance (worn)
 o - a +1 helmet (worn)
 r - a +0 pair of gloves (worn)
Jewellery
 p - a ring of magical power (left hand)
 q - an amulet of faith
 s - a ring of ice
 x - the ring "Leorufot" (right hand) {rC+ Str+6 Dex+3}
   (You found it in a sewer)

   [ring of strength]

   Str:       It affects your strength (+6).
   Dex:       It affects your dexterity (+3).
   rC:        It protects you from cold.
 B - a ring of flight
Wands
 j - a wand of charming (3)
 l - a wand of light (9)
 t - a wand of polymorph (12)
 A - a wand of iceblast (5)
 C - a wand of flame (15)
Scrolls
 b - 3 scrolls of immolation
 e - 8 scrolls of identify
 f - 2 scrolls of blinking
 h - 2 scrolls of teleportation
 v - 3 scrolls of poison
 w - a scroll of butterflies {unknown}
 y - a scroll of amnesia
 D - a scroll of silence {unknown}
Potions
 d - 3 potions of mutation
 g - a potion of might {unknown}
 i - a potion of ambrosia {unknown}
 m - 2 potions of degeneration
 n - a potion of attraction {unknown}
 z - a potion of berserk rage


   Skills:
 + Level 7.8 Fighting
 + Level 7.9 Ranged Weapons
 + Level 5.9 Dodging
 - Level 5.8 Stealth
 + Level 4.1 Spellcasting
 + Level 4.1 Summonings


You had 14 spell levels left.
You knew the following spells:

 Your Spells              Type           Power      Damage    Failure   Level
a - Call Canine Familiar  Summ           9%         N/A       17%         3

Your spell library contained the following spells:

 Spells                   Type           Power      Damage    Failure   Level
 Summon Small Mammal      Summ           36%        N/A       6%          1
 Foxfire                  Conj/Fire      4%         2x1d4     32%         1
 Summon Guardian Golem    Hex/Summ       5%         N/A       38%         3
 Ensorcelled Hibernation  Hex/Ice        2%         N/A       43%         2
 Passwall                 Tmut/Erth      0%         N/A       43%         2
 Conjure Flame            Conj/Fire      1%         6-21      67%         3
 Inner Flame              Hex/Fire       1%         N/A       67%         3
 Portal Projectile        Hex/Tloc       2%         N/A       67%         3
 Swiftness                Air            1%         N/A       67%         3
 Tukima's Dance           Hex            1%         N/A       67%         3
 Flame Wave               Conj/Fire      1%         2d4       97%         4
 Leda's Liquefaction      Hex/Erth       0%         N/A       97%         4
 Blade Hands              Tmut           0%         N/A       100%        5
 Malign Gateway           Summ/Tloc      2%         N/A       100%        7
 Summon Horrible Things   Summ           4%         N/A       100%        8


Dungeon Overview and Level Annotations

Branches:
Dungeon (9/15)             Temple (1/1) D:5           Sewer (visited)
   Lair: D:8-11         Orc: D:9-12

Altars:
Ashenzari
Cheibriados
Dithmenos
Elyvilon
Fedhas
Gozag
Hepliaklqana
Kikubaaqudgha
Makhleb
Nemelex Xobeh
Okawaru
Qazlal
Ru
Sif Muna
Trog
Vehumet
Wu Jian
Xom
Yredelemnul
Zin

Shops:
D:1 ?   D:2 !   D:4 (?   D:5 *

Annotations:
D:5 Pikel
D:7 Maggie
D:8 Psyche


Innate Abilities, Weirdness & Mutations

Your life essence is reduced to manifest your ancestor. (-10% HP)
You are immune to sickness and miasma.
Your stone body is resilient. (AC +7)
You are immune to poison.
You resist negative energy. (rN+)
You are resistant to electric shocks. (rElec)
You are resistant to unholy torment.
You are immune to petrification.


Message History

Things that are here:
a +3 halberd; a +0 robe The howler monkey hoots and howls with incredible vigour!
You hear an angry buzzing noise.
Items here: )) [[.
The howler monkey attacks as you move away!
The howler monkey hits you but does no damage.
There is a stone staircase leading up here.
The wyvern bites you but does no damage.
The howler monkey hits you but does no damage.
The wyvern bites you.
You climb upwards.
Level annotation: Psyche
There is a stone staircase leading down here.
Zarja is recalled.
The wyvern closely misses you. The howler monkey hits you.
You are too injured to fight recklessly!
Fire: a) +2 shortbow
Press: ? - help, Q - select action, (/) - cycle Shift-Dir - straight line, f - wyvern
Aim: a wyvern (70% to hit)
You shoot an arrow. The arrow hits the wyvern.
The wyvern is lightly wounded.
The wyvern barely misses you. The howler monkey closely misses you.
The wyvern bites you.
The howler monkey hoots and howls with incredible vigour!
You hear a shout! x3
Fire: a) +2 shortbow
Press: ? - help, Q - select action, (/) - cycle Shift-Dir - straight line, f/p - wyvern
Aim: a wyvern (lightly wounded, 70% to hit)
You shoot an arrow.
The arrow hits the wyvern but does no damage.
The wyvern is lightly wounded.
The wyvern misses you. The howler monkey barely misses you.
The wyvern bites you!
* * * LOW HITPOINT WARNING * * *
It was a potion of degeneration.
There was something very wrong with that liquid.
You feel weakened.
You feel dopey.
You feel clumsy. The wyvern bites you!
You die...

####.## #.## #...# .# #.#
#..♣♣###.# .# # #.# #...♣♣##.#
.# .# ##+## #....♣.#.#
##.###.# ##...## #....#.#.#
...?...###.....## #....♣.#.#
#.......#.......## #...♣♣##.#
##...###.......h..###..♣♣##..#
...............R@.'...####.###
##....##....<..l..####.......#
#..#.##.#.......## #..##.#.#
#.##.##.##.....## ##.###.#.#
#.............## #... ..#.#
####..#####..## #..#####.#
#..# #..# #..# #.# #..### #..#
#..#####.# #....# #..##
#........#


You could see the friendly Zarja the knight, a wyvern and a howler monkey
(catching breath, ally target).

Vanquished Creatures
  A two-headed ogre (D:6)
  A wraith (D:8)
  2 water moccasins (D:5)
  Pargi (Sewer)
  3 orc warriors
  A black bear (D:7)
  A phantom (D:4)
  2 lemures (D:6)
  2 bullfrogs (D:6)
  4 scorpions
  4 wights
  A killer bee (D:8)
  2 howler monkeys (D:7)
  A bullfrog zombie (D:4)
  4 hounds
  A jelly (D:3)
  6 orc priests
  3 iguanas
  Jessica (D:2)
  Ijyb (D:3)
  A scorpion zombie (D:4)
  6 orc wizards
  A hound zombie (D:4)
  Robin (D:2)
  5 gnolls
  8 adders
  A river rat (D:6)
  A shadow imp (D:5)
  2 white imps
  An adder zombie (D:4)
  A worm (D:3)
  5 dart slugs
  22 orcs
  7 bats
  4 endoplasms
  2 giant cockroaches (D:6)
  7 hobgoblins
  5 jackals
  5 kobolds
  6 quokkas
  6 ball pythons
  A frilled lizard (D:2)
  13 goblins
  A jackal zombie (D:6)
  2 rats (D:3)
156 creatures vanquished.

Vanquished Creatures (collateral kills)
  A wyvern (D:7)
  2 lemures (D:6)
  A bullfrog (D:6)
  4 wights
  2 killer bees (D:8)
  2 howler monkeys
  3 gnoll boudas
  3 orc wizards
  8 gnolls
  2 worms (D:6)
  8 orcs
  A giant cockroach (D:6)
37 creatures vanquished.

Vanquished Creatures (others)
  2 ancestors (D:6)
  6 knights
  2 plants (D:5)
10 creatures vanquished.

Grand Total: 203 creatures vanquished

Notes
Turn   | Place    | Note
-------+----------+-------------------------------------------
     0 | D:1      | Kaiern the Gargoyle Hunter began the quest for the Orb.
     0 | D:1      | Reached XP level 1. HP: 12/12 MP: 1/1
    21 | D:1      | Found Orchaps's Magic Scroll Shop.
    59 | D:1      | Found a faded altar of an unknown god.
    76 | D:1      | Reached XP level 2. HP: 14/18 MP: 2/2
   768 | D:2      | Noticed Jessica
   779 | D:2      | Killed Jessica
   780 | D:2      | Reached XP level 3. HP: 17/22 MP: 3/3
   961 | D:2      | Noticed Robin
   965 | D:2      | Killed Robin
   966 | D:2      | Reached XP level 4. HP: 28/28 MP: 4/4
  1562 | D:2      | Found Caepsu's Distillery.
  2202 | D:3      | Reached XP level 5. HP: 32/32 MP: 5/5
  2766 | D:3      | Noticed Ijyb
  2810 | D:3      | Killed Ijyb
  2972 | D:3      | Reached XP level 6. HP: 38/38 MP: 6/6
  3106 | D:3      | Reached skill level 5 in Ranged Weapons
  3112 | D:3      | Found an iron altar of Okawaru.
  3289 | D:4      | Found Vashruoso's Magic Scroll Shoppe.
  3407 | D:4      | Found a hazy altar of Hepliaklqana.
  3415 | D:4      | Became a worshipper of Hepliaklqana the Forgotten
  3634 | D:4      | Found Olianin's Weapon Boutique.
  3786 | D:4      | Found a bloodstained altar of Trog.
  4075 | D:4      | Reached XP level 7. HP: 41/44 MP: 7/7
  4113 | D:4      | Found a basalt altar of Yredelemnul.
  4656 | D:4      | Reached skill level 5 in Fighting
  4701 | D:4      | Reached skill level 5 in Stealth
  4919 | D:5      | Entered Level 5 of the Dungeon
  4947 | D:5      | Reached XP level 8. HP: 41/49 MP: 8/8
  5488 | D:5      | Found Ickeh's Assorted Antiques.
  5537 | D:5      | Found a staircase to the Ecumenical Temple.
  5548 | Temple   | Entered the Ecumenical Temple
  5967 | D:5      | Reached * piety under Hepliaklqana
  6384 | D:5      | Learned a level 3 spell: Call Canine Familiar
  6448 | D:6      | Found a broken altar of Ashenzari.
  6612 | D:6      | Noticed a two-headed ogre
  6710 | D:6      | Reached skill level 1 in Spellcasting
  6741 | D:6      | Reached skill level 1 in Summonings
  6757 | D:6      | Found a glowing drain.
  6762 | Sewer    | Entered a sewer
  6806 | Sewer    | Noticed Pargi
  6816 | Sewer    | Killed Pargi
  6917 | Sewer    | Identified the ring "Leorufot" {rC+ Str+6 Dex+3}
  7059 | D:6      | Reached ** piety under Hepliaklqana
  7060 | D:6      | Remembered your ancestor Zarja as a knight
  7104 | D:6      | Reached XP level 9. HP: 17/49 MP: 11/11
  7511 | D:6      | Noticed Pikel
  7704 | D:6      | Found a snail-covered altar of Cheibriados.
  7937 | D:7      | Reached skill level 5 in Dodging
  8262 | D:6      | Killed a two-headed ogre
  8480 | D:7      | Noticed Maggie
  9179 | D:8      | Noticed a two-headed ogre
  9347 | D:8      | Reached *** piety under Hepliaklqana
  9475 | D:7      | Reached XP level 10. HP: 56/56 MP: 15/15
  9999 | D:8      | Noticed Psyche
 10963 | D:8      | Slain by a wyvern

Illustrated notes

Levels and vault maps discovered:
D:1:      amcnicky_arrival_wind_blow, layout_loops_ring,
          hellmonk_ecumenical_altar_dog_temple, serial_shops, shop
D:2:      layout_basic, serial_shops, shop, uniq_jessica, uniq_robin
D:3:      layout_basic, marbit_many_paths, hex_medium, uniq_ijyb
D:4:      layout_gridville, mainiacjoe_overflow_paths,
          nicolae_yredelemnul_corpse_copse, mainiacjoe_overflow_brackets,
          serial_shops, nicolae_shop_advertising_works
          [nicolae_subvault_shop_adworks], nicolae_shop_bloodbath_and_beyond
D:5:      layout_rooms, minmay_temple_entry_junction_2, serial_bayou,
          serial_bayou_lake_a, serial_bayou_lagoon_a, serial_bayou_crossing,
          serial_bayou_shore_b, serial_shops, kennysheep_mini_moat,
          roderic_serpentine_path, minivault_19
D:6:      layout_loops_ring, mainiacjoe_overflow_alcove_2,
          mainiacjoe_overflow_24_doors, gup_sewer_entry_spiral, enter_ossuary_3,
          uniq_pikel
D:7:      layout_gridville, uniq_maggie
D:8:      layout_loops_corners, grunt_decor_mini_mirrors, kennysheep_nub,
          uniq_psyche
D:9:      layout_roguey, kennysheep_mini, serial_shops, shop_statue,
          enter_bailey_3, minmay_circle_x
Temple:   minmay_temple_curvy_branch

Skill      XL: |  1  2  3  4  5  6  7  8  9 10 |
---------------+-------------------------------+-----
Dodging        | 2 3 4 5 |  5.9
Stealth        | 2 3 4 5 |  5.8
Fighting       | 3 4 5 6 7 |  7.8
Ranged Weapons | 5 6 7 |  7.9
Spellcasting   | 1 3 4 |  4.1
Summonings     | 1 3 4 |  4.1

Action                   |  1- 3 |  4- 6 |  7- 9 | 10-12 || total
-------------------------+-------+-------+-------+-------++-------
Melee: Shortbow          |       |     1 |     4 |       ||     5
 Fire: Shortbow          |    57 |   232 |   404 |    67 ||   760
Invok: Ancestor Life: Kn |       |       |     1 |       ||     1
       Ancestor Identity |       |       |     1 |       ||     1
       Recall Ancestor   |       |       |     7 |     2 ||     9
  Use: Scroll            |       |     5 |     7 |       ||    12
       Potion            |       |       |     2 |     1 ||     3
Armor: Leather armour    |    14 |    53 |   109 |     8 ||   184
Dodge: Dodged            |    20 |    81 |   148 |    17 ||   266
